AoeStats
← Tèdelavanda

Hideout

510151126Analyzed
1v1 RM · 2d ago on Sep 29, 2026· 32m 47s· 2 players
Game mode
Random Map
Map size
Tiny (2 player)
Population
200
Speed
Normal
Resources
Standard
Victory
Conquest
Starting age
Dark Age
Ending age
Imperial Age
RankedLock teamsTeams togetherTeam positionsShared explorationLock speedFull tech treeHidden civsTurbo modeCheats
Victory
Defeat
🇪🇸 Malians · Spain
1298
+16
🇨🇱 Wu · Chile
1302
-16
marving18r
6:04 Loom
6:34 Loom
9:59 Feudal Age
10:24 Double-Bit Axe
13:51 Fletching
16:47 Wheelbarrow
23:34 Castle Age
21:31 Stone Mining
22:48 Horse Collar
23:01 Gold Mining
23:06 Arson
23:25 Scale Mail Armor
23:41 Forging
24:25 Bow Saw
24:54 Squires
25:43 Bodkin Arrow
32:23 Chain Mail Armor
Tèdelavanda
12:13 Loom
14:41 Feudal Age
18:52 Castle Age
17:00 Double-Bit Axe
16:57 Horse Collar
18:09 Scale Mail Armor
19:29 Forging
25:04 Stone Mining
27:36 Gold Mining
31:27 Chain Mail Armor
31:19 Scale Barding Armor
Connection lost

Rejoining the realm…

Still unreachable

The connection could not be restored.

Session expired

The server has moved on; the page needs a fresh start.